[Event "Titled Tuesday Blitz August 15 Early 2023"]
[White "Mihailidis, Anastasios"]
[Black "Kohler, Aran"]
[WhiteFideId "4205588"]
[BlackFideId "1002856"]
[WhiteElo "2473"]
[BlackElo "2262"]
[Result "1-0"]
[Round "5"]
[TimeControl "180+1"]
[Date "2023.08.15"]
[WhiteClock "0:01:42"]
[BlackClock "0:01:20"]
[Board "173"]

1. e4 c6 2. d4 d5 3. exd5 cxd5 4. Bd3 a6 5. c3 Nc6 6. Bf4 Nf6 7. Nd2 g6 8. Ngf3 Bg4 9. h3 Bxf3 10. Nxf3 Bg7 11. O-O O-O 12. Ne5 Nxe5 13. Bxe5 Nd7 14. Bxg7 Kxg7 15. a4 b6 16. Qb3 e6 17. f4 Rb8 18. Kh2 a5 19. g4 Qc7 20. Kg2 Nf6 21. Rae1 Rfe8 22. Re5 Nd7 23. Re3 f6 24. Rg3 Nf8 25. f5 exf5 26. gxf5 g5 27. Qxd5 Rbd8 28. Qf3 h6 29. h4 Re7 30. hxg5 hxg5 31. Rxg5+ fxg5 32. f6+ Kf7 33. fxe7+ Kxe7 34. Qf7+ Kd6 35. Rf6+ 1-0


[Site "https://www.chess.com"]

[Event "Titled Tuesday Blitz August 15 Early 2023"]
[White "Nguyen Hong Nhung"]
[Black "Juicy_Fork"]
[WhiteFideId "12412201"]
[WhiteElo "2472"]
[BlackElo "2261"]
[Result "1-0"]
[Round "5"]
[TimeControl "180+1"]
[Date "2023.08.15"]
[WhiteClock "0:00:21"]
[BlackClock "0:00:02"]
[Board "174"]

1. e4 e5 2. Nf3 Nc6 3. d4 exd4 4. Nxd4 Qf6 5. Be3 Bc5 6. c3 Nge7 7. Bc4 b6 8. O-O Bb7 9. f4 Bxd4 10. cxd4 O-O-O 11. Nc3 Na5 12. Bd3 d5 13. e5 Qh4 14. Rc1 Nc4 15. Qe2 Nxe3 16. Qxe3 Kb8 17. a4 Qh5 18. a5 Nf5 19. Qf2 g6 20. axb6 cxb6 21. Bxf5 Qxf5 22. Nb5 Ba6 23. Nd6 Rxd6 24. exd6 Bxf1 25. Qxf1 Qf6 26. Qf2 Qxd6 27. h3 Re8 28. f5 g5 29. Rd1 Qf4 30. Qc2 Rc8 31. Qb3 Qxf5 32. Rf1 Qe6 33. Qg3+ Ka8 34. Qxg5 Rc7 35. Qg8+ Kb7 36. Qg5 Qe4 37. Rf4 Qe1+ 38. Kh2 a5 39. Qxd5+ Ka6 40. Rxf7 Rxf7 41. Qxf7 Qe4 42. Qc4+ b5 43. Qc3 Kb7 44. Qf3 Qxf3 45. gxf3 b4 46. f4 a4 47. f5 a3 48. bxa3 bxa3 49. f6 a2 50. f7 a1=Q 51. f8=Q Qb2+ 52. Kg3 Qc3+ 53. Qf3+ Qc6 54. Qxc6+ Kxc6 55. Kf4 Kd5 56. Ke3 h5 57. h4 Kd6 58. Ke4 Ke6 59. d5+ Kd6 60. Kd4 Kd7 61. Ke5 Ke7 62. Kf5 Kd6 63. Kg5 Kxd5 64. Kxh5 Ke6 65. Kg6 Ke7 66. Kg7 1-0


[Site "https://www.chess.com"]

[Event "Titled Tuesday Blitz August 15 Early 2023"]
[White "Fajdetic, Hrvoje"]
[Black "Devaev, Alexander"]
[WhiteFideId "14501945"]
[BlackFideId "4169395"]
[WhiteElo "2256"]
[BlackElo "2462"]
[Result "0-1"]
[Round "5"]
[TimeControl "180+1"]
[Date "2023.08.15"]
[WhiteClock "0:00:04"]
[BlackClock "0:00:16"]
[Board "175"]

1. f4 d5 2. b3 Nf6 3. Bb2 Bg4 4. h3 Bf5 5. d3 h5 6. Nf3 e6 7. e3 h4 8. Nbd2 Nh5 9. e4 Bg6 10. f5 exf5 11. exd5 Ng3 12. Rg1 Qxd5 13. c4 Qe6+ 14. Kf2 Nd7 15. Qe1 O-O-O 16. Qxe6 fxe6 17. Nxh4 Rxh4 18. Kxg3 Rh7 19. Nf3 Bd6+ 20. Kf2 e5 21. Rh1 Rhh8 22. Be2 Rhe8 23. Nd2 Bc5+ 24. Ke1 Nf6 25. g4 f4 26. g5 Nh5 27. Ne4 Bxe4 28. dxe4 Ng3 29. Rh2 Nxe4 30. Bg4+ Kb8 31. Re2 Bb4+ 32. Kf1 Ng3+ 33. Kg2 Nxe2 34. Bxe2 Rd2 35. Kf3 Rxb2 0-1


[Site "https://www.chess.com"]

[Event "Titled Tuesday Blitz August 15 Early 2023"]
[White "brm72"]
[Black "Yuruultei Batbaatar"]
[BlackFideId "4905962"]
[WhiteElo "2462"]
[BlackElo "2244"]
[Result "0-1"]
[Round "5"]
[TimeControl "180+1"]
[Date "2023.08.15"]
[WhiteClock "0:00:00"]
[BlackClock "0:00:59"]
[Board "176"]

1. e4 c5 2. Nf3 e6 3. d4 cxd4 4. Nxd4 Nc6 5. Nc3 a6 6. Nxc6 bxc6 7. Bd3 d5 8. O-O Nf6 9. Re1 Be7 10. e5 Nd7 11. Qg4 Kf8 12. Na4 h5 13. Qf4 c5 14. c4 Qa5 15. Bd2 Qxa4 16. b3 Qa3 17. cxd5 exd5 18. Bg6 f6 19. exf6 Nxf6 20. Rxe7 Kxe7 21. Re1+ Kd7 22. Qe5 Kc6 23. Bf4 Qa5 24. Qd6+ Kb7 25. Rc1 Bg4 26. Qe7+ Kc6 27. Qd6+ Kb7 28. Qe7+ Bd7 29. h3 Rac8 30. Qxg7 Rhf8 31. Be5 Qd2 32. Rf1 Qg5 33. Bxf6 Rxf6 34. Qxd7+ Rc7 0-1


[Site "https://www.chess.com"]

[Event "Titled Tuesday Blitz August 15 Early 2023"]
[White "favesaul"]
[Black "Rivas Garcia, Victor"]
[BlackFideId "2217740"]
[WhiteElo "2457"]
[BlackElo "2243"]
[Result "1-0"]
[Round "5"]
[TimeControl "180+1"]
[Date "2023.08.15"]
[WhiteClock "0:00:01"]
[BlackClock "0:00:17"]
[Board "177"]

1. e4 c5 2. Nf3 Nc6 3. Nc3 Nf6 4. Bb5 g6 5. e5 Ng4 6. Bxc6 dxc6 7. h3 Nh6 8. d3 Nf5 9. O-O Bg7 10. a4 a5 11. Re1 b6 12. Ne4 O-O 13. Bf4 Nd4 14. c3 Ne6 15. Bg3 h6 16. Qc2 Ba6 17. Rad1 Qc7 18. d4 cxd4 19. cxd4 Rfd8 20. h4 Qb7 21. Nc3 Bc4 22. h5 g5 23. Qe4 Bd5 24. Qg4 c5 25. Nb5 Bxf3 26. gxf3 cxd4 27. Nxd4 Nxd4 28. Rxd4 Rxd4 29. Qxd4 Qxf3 30. Qxb6 Qxh5 31. Qb7 Re8 32. Qb5 Kf8 33. Qxa5 Qg4 34. Qd5 h5 35. e6 f5 36. Qd3 h4 37. Kg2 hxg3 38. fxg3 Rb8 39. Rh1 Rxb2+ 40. Kf1 f4 41. Qd8# 1-0


[Site "https://www.chess.com"]

[Event "Titled Tuesday Blitz August 15 Early 2023"]
[White "Vaglio Munoz, Jaime"]
[Black "Baghdasaryan, Vahe"]
[WhiteFideId "6500145"]
[BlackFideId "13303139"]
[WhiteElo "2229"]
[BlackElo "2441"]
[Result "0-1"]
[Round "5"]
[TimeControl "180+1"]
[Date "2023.08.15"]
[WhiteClock "0:00:00"]
[BlackClock "0:00:07"]
[Board "178"]

1. Nf3 d5 2. c4 Nf6 3. b3 d4 4. b4 a5 5. b5 c5 6. bxc6 Nxc6 7. d3 e5 8. g3 Nd7 9. Bg2 f5 10. O-O Bd6 11. e3 dxe3 12. fxe3 O-O 13. d4 e4 14. Nh4 g6 15. Ba3 Bxa3 16. Nxa3 Nb4 17. Nb5 Nf6 18. Qb3 Ng4 19. h3 Nh6 20. c5+ Kh8 21. Nd6 g5 22. Nhxf5 Bxf5 23. g4 Bg6 24. Rxf8+ Qxf8 25. Rf1 Qe7 26. a3 Nd3 27. Qxb7 Qxb7 28. Nxb7 Rb8 29. c6 Rc8 30. Nxa5 Nf7 31. Rf6 Kg7 32. Re6 Nd8 33. Rd6 Kf7 34. d5 Ke7 35. Rd7+ Ke8 36. Nc4 Nxc6 37. dxc6 Rxc6 38. Rd4 Nc5 39. Nd6+ Ke7 40. Nxe4 Nb3 41. Rb4 Rc1+ 42. Kh2 Na5 43. Rb5 Nc6 44. Nxg5 h6 45. Bxc6 Rxc6 46. Nf3 Rc2+ 47. Kg3 Bd3 48. Ne5 Bxb5 49. h4 Rc3 50. Kf4 Kf6 51. g5+ hxg5+ 52. hxg5+ Kg7 53. e4 Rxa3 54. Ng4 Be8 55. Nf6 Bf7 0-1


[Site "https://www.chess.com"]

[Event "Titled Tuesday Blitz August 15 Early 2023"]
[White "Daeschler, Florian"]
[Black "Clawitter, Craig"]
[WhiteFideId "20678193"]
[BlackFideId "2023105"]
[WhiteElo "2431"]
[BlackElo "2240"]
[Result "0-1"]
[Round "5"]
[TimeControl "180+1"]
[Date "2023.08.15"]
[WhiteClock "0:00:17"]
[BlackClock "0:00:11"]
[Board "179"]

1. Nf3 Nf6 2. c4 e6 3. Nc3 d5 4. e3 c5 5. d4 Nc6 6. a3 cxd4 7. exd4 Be7 8. cxd5 Nxd5 9. Bb5 O-O 10. O-O Nxc3 11. bxc3 Bd7 12. Ba4 Rc8 13. Bc2 Na5 14. Qd3 g6 15. Bh6 Re8 16. Rfe1 Bc6 17. Ne5 Bf6 18. Rad1 Bd5 19. Qg3 Bg7 20. Bg5 Qc7 21. Bf4 Qxc3 22. Bd3 Bb3 23. Rd2 Nc4 24. Bxc4 Qxg3 25. hxg3 Bxc4 26. Rb1 Bd5 27. f3 Rc3 28. Kf2 Rec8 29. g4 Rxa3 30. g5 b6 31. Ng4 Ra2 32. Rxa2 Bxa2 33. Rd1 Bb3 34. Rd2 Rc2 35. Rxc2 Bxc2 36. Ke3 Bf5 37. Nf6+ Bxf6 38. gxf6 Kf8 39. Bd6+ Ke8 40. Kd2 Kd7 41. Bf8 Kc6 42. Kc3 a5 43. g4 Bb1 44. Be7 Ba2 45. Kd3 Bd5 46. f4 b5 47. Kc3 b4+ 48. Kb2 Kb5 49. Bd6 Kc4 50. Be5 a4 51. Kc2 a3 0-1


[Site "https://www.chess.com"]

[Event "Titled Tuesday Blitz August 15 Early 2023"]
[White "Fernandez Hernandez, Gerardo"]
[Black "Sanhueza, Cristian"]
[WhiteFideId "2207400"]
[BlackFideId "116815"]
[WhiteElo "2225"]
[BlackElo "2430"]
[Result "0-1"]
[Round "5"]
[TimeControl "180+1"]
[Date "2023.08.15"]
[WhiteClock "0:00:00"]
[BlackClock "0:00:15"]
[Board "180"]

1. e4 c5 2. Nc3 g6 3. f4 Bg7 4. Nf3 Nc6 5. a3 e6 6. b4 d6 7. bxc5 dxc5 8. Bc4 Nge7 9. Rb1 O-O 10. e5 Nf5 11. Ne4 b6 12. d3 Bb7 13. O-O Ncd4 14. c3 Nxf3+ 15. Qxf3 h5 16. Nf6+ Bxf6 17. Qxb7 Bg7 18. Qe4 Qe7 19. Bd2 Rad8 20. Rf3 Qd7 21. Rbf1 Qa4 22. h3 h4 23. Ra1 b5 24. Ba2 Qxe4 25. dxe4 Ng3 26. Be3 Nxe4 27. c4 a6 28. Rc1 Nd2 29. Rf2 Nxc4 30. Bxc4 bxc4 31. Rxc4 Rd1+ 32. Rf1 Rxf1+ 33. Kxf1 g5 34. Bxc5 Rc8 35. fxg5 Bf8 36. Rxh4 Rxc5 0-1


[Site "https://www.chess.com"]

[Event "Titled Tuesday Blitz August 15 Early 2023"]
[White "Kielinkei"]
[Black "Mirzanurov, Bulat"]
[BlackFideId "4184521"]
[WhiteElo "2422"]
[BlackElo "2211"]
[Result "1-0"]
[Round "5"]
[TimeControl "180+1"]
[Date "2023.08.15"]
[WhiteClock "0:00:16"]
[BlackClock "0:00:04"]
[Board "181"]

1. e4 c5 2. a3 e5 3. Nf3 Nc6 4. Bb5 d6 5. Nc3 Ne7 6. O-O g6 7. d3 Bg7 8. Nd5 O-O 9. Bg5 f6 10. Bc4 Kh8 11. Bh4 Rb8 12. c3 b5 13. Ba2 Nxd5 14. Bxd5 Ne7 15. Ba2 Bb7 16. Qe2 Qd7 17. d4 c4 18. b3 cxb3 19. Bxb3 g5 20. Bg3 Qc6 21. dxe5 dxe5 22. Nd2 Qxc3 23. Rac1 Qd4 24. Rfd1 Rfd8 25. Kh1 Ng6 26. f3 Qb6 27. Nf1 Nf4 28. Qc2 Rxd1 29. Rxd1 Rc8 30. Qb2 Qc5 31. Bf2 Qc3 32. Qxc3 Rxc3 33. Rd8+ Bf8 34. Rxf8+ Kg7 35. Rf7+ Kg6 36. Rxb7 Rxb3 37. h3 Rxa3 38. Ng3 Ra2 39. Nf5 Ne6 40. Be3 Re2 41. Kh2 Rb2 42. Rxa7 b4 43. Rb7 b3 44. Rb6 Nf4 45. Bxf4 gxf4 46. Rb7 Rb1 47. Rg7+ Kh5 48. Rxh7+ Kg6 49. Rg7+ Kh5 50. Rb7 b2 51. Ng7+ Kg6 52. Nf5 Kh5 53. h4 Kg6 54. Rg7+ Kh5 55. Rh7+ Kg6 56. Rg7+ Kh5 57. Rb7 Kg6 58. Nd6 Kh5 59. Nc4 Kxh4 60. Rxb2 Rc1 61. Nd6 Rc6 62. Nf5+ Kg5 63. Rb7 Kg6 64. Rg7+ Kh5 65. Rf7 Kg6 66. Ne7+ Kxf7 67. Nxc6 Ke6 68. Nb4 f5 69. Kg1 fxe4 70. fxe4 Kd6 71. Kf2 Kc5 72. Nd5 Kd4 73. Kf3 Kd3 74. Nf6 Kd4 75. Ng4 1-0


[Site "https://www.chess.com"]

[Event "Titled Tuesday Blitz August 15 Early 2023"]
[White "Rom, Jasper"]
[Black "Tharushi, T H D Niklesha"]
[WhiteFideId "2023733"]
[BlackFideId "9918264"]
[WhiteElo "2409"]
[BlackElo "2169"]
[Result "1-0"]
[Round "5"]
[TimeControl "180+1"]
[Date "2023.08.15"]
[WhiteClock "0:00:05"]
[BlackClock "0:00:30"]
[Board "182"]

1. e4 c5 2. Nc3 e6 3. f4 d5 4. Nf3 Nc6 5. Bb5 Ne7 6. exd5 Nxd5 7. Bxc6+ bxc6 8. d3 Bd6 9. g3 O-O 10. Ne4 Re8 11. Qe2 f6 12. Bd2 Rb8 13. b3 e5 14. Nxd6 Qxd6 15. fxe5 fxe5 16. Ng5 Bf5 17. O-O Bg6 18. Ne4 Qe7 19. Bg5 Qc7 20. Rae1 Qb6 21. Kh1 h6 22. Bd2 Rf8 23. c4 Nb4 24. Be3 Qa5 25. Nxc5 Nxa2 26. Rxf8+ Rxf8 27. Ra1 Nc3 28. Rxa5 Nxe2 29. Rxa7 Nc1 30. Bxc1 Rf1+ 31. Kg2 Rxc1 32. Rc7 Rc2+ 33. Kf3 Rd2 34. Ke3 Rxh2 35. Rxc6 Rg2 36. Rxg6 Kf7 37. Rg4 Kf6 38. Ne4+ Kf7 39. Kf3 Rb2 40. Nc5 Kf6 41. Re4 g5 42. Re2 Rb1 43. Ke4 Rg1 44. Rf2+ Kg6 45. Rf3 Re1+ 46. Kd5 g4 47. Rf2 Re3 48. Rg2 Kg5 49. b4 h5 50. b5 Re1 51. b6 Rb1 52. b7 h4 53. gxh4+ Kxh4 54. Kxe5 Kh3 55. Rxg4 Kxg4 56. d4 Kg5 57. d5 Kg6 58. d6 Kf7 59. Kd5 Ke8 60. Kc6 Kd8 61. Ne6+ Ke8 62. d7+ Ke7 63. d8=Q+ Kxe6 64. Qd5+ Ke7 65. Qe5+ Kf7 66. b8=Q Rxb8 67. Qxb8 Kg6 68. Qe5 Kh7 69. Kd5 Kh6 70. c5 Kg6 71. c6 Kf7 72. c7 Kg6 73. c8=Q Kf7 74. Qcc7+ Kg6 75. Qc6+ Kf7 76. Qec7+ Kf8 77. Qa8# 1-0


[Site "https://www.chess.com"]

[Event "Titled Tuesday Blitz August 15 Early 2023"]
[White "campochess"]
[Black "jimmy-schlumpf"]
[WhiteElo "2165"]
[BlackElo "2407"]
[Result "0-1"]
[Round "5"]
[TimeControl "180+1"]
[Date "2023.08.15"]
[WhiteClock "0:00:00"]
[BlackClock "0:00:06"]
[Board "183"]

1. d4 Nf6 2. Bg5 d5 3. Nd2 Bf5 4. c3 Nbd7 5. Ngf3 e6 6. Nh4 h6 7. Nxf5 hxg5 8. Ne3 c5 9. Nc2 Qb6 10. Rb1 cxd4 11. Nxd4 g4 12. e3 Rc8 13. Be2 g3 14. fxg3 Bd6 15. O-O Nc5 16. Rf3 Ke7 17. Qf1 Rh6 18. h3 Rch8 19. b4 Nce4 20. Nxe4 dxe4 21. Rf4 Bxf4 22. Qxf4 Rc8 23. c4 Qc7 24. Qxc7+ Rxc7 25. Nb5 Rc6 26. Nxa7 Ra6 27. Nb5 Rxa2 28. Kf1 Rh8 29. Nc3 Rc2 30. Na4 Ra8 31. Ra1 Rb2 32. Nxb2 Rxa1+ 33. Kf2 Rb1 34. Na4 Rxb4 35. Nc5 b6 36. Na6 Rb2 37. c5 bxc5 38. Nxc5 Rc2 39. Nb3 Nd7 40. Nd4 Rb2 41. Ke1 Ne5 42. g4 g5 43. Kf1 Nd3 44. g3 Rb1+ 45. Kg2 Re1 46. Bf1 Rxe3 47. h4 f6 48. h5 Re1 49. h6 Ne5 50. h7 Ng6 51. Nc2 Rc1 52. Nb4 f5 53. gxf5 exf5 54. Na6 Kf6 55. Nb4 Kg7 56. Nd5 Kxh7 57. Ne7 f4 58. Nf5 Rc2+ 59. Kg1 f3 0-1


[Site "https://www.chess.com"]

[Event "Titled Tuesday Blitz August 15 Early 2023"]
[White "Namitbir Singh Walia"]
[Black "Aung Thant Zin"]
[WhiteFideId "35071068"]
[BlackFideId "13000063"]
[WhiteElo "2399"]
[BlackElo "2146"]
[Result "1-0"]
[Round "5"]
[TimeControl "180+1"]
[Date "2023.08.15"]
[WhiteClock "0:00:03"]
[BlackClock "0:00:03"]
[Board "184"]

1. e4 c5 2. Nf3 Nc6 3. d4 cxd4 4. Nxd4 Nf6 5. Nc3 d6 6. Bg5 e6 7. Qd2 a6 8. O-O-O h6 9. Bh4 Nxe4 10. Nxe4 Qxh4 11. f3 d5 12. Nxc6 bxc6 13. g3 Qd8 14. Qd4 Be7 15. Qxg7 Rf8 16. Qc3 Bd7 17. Nc5 Rb8 18. Nxd7 Kxd7 19. Bc4 Bf6 20. Qd3 Bxb2+ 21. Kd2 Be5 22. Bb3 Qa5+ 23. Ke2 Bd6 24. c4 Qb4 25. Rhe1 a5 26. cxd5 cxd5 27. Kf1 a4 28. Bxd5 exd5 29. Qf5+ Kc7 30. Rc1+ Bc5 31. Qxd5 Kb6 32. Rb1 Rfd8 33. Rxb4+ Bxb4 34. Qxf7 Bxe1 35. Kxe1 Re8+ 36. Kf2 Rbd8 37. Qf6+ Kc7 38. Qc3+ Kb7 39. Qb4+ Kc7 40. Qa5+ Kb7 41. Qb5+ Kc7 42. g4 Rd2+ 43. Kg3 Ree2 44. Qxa4 Rg2+ 45. Kf4 Rxh2 46. Qc4+ Kd6 47. a4 Ra2 48. a5 Rhc2 49. Qb4+ Kc6 50. Qf8 Ra4+ 51. Kg3 Rca2 52. Qxh6+ Kd5 53. Qg5+ Kd4 54. Qf4+ Kd3 55. Qf5+ Ke2 56. Qe5+ Kf1 57. Qc5 Ke2 58. Qb5+ Ke1 59. g5 Rxa5 60. Qe8+ Kf1 61. f4 R2a3+ 62. Kg4 R3a4 63. g6 Ra2 64. f5 Rg2+ 65. Kf4 Rf2+ 66. Kg5 Rfxf5+ 67. Kh6 Rh5+ 68. Kg7 Rag5 69. Qe6 Kg2 70. Qc6+ Kg3 71. Qd6+ Kg4 72. Qe6+ Kf4 73. Qd6+ Kg4 74. Qd1+ Kf4 75. Qd4+ Kf5 76. Qf6+ Kg4 77. Kf7 Kg3 78. Qc3+ Kh4 79. Qd4+ Rg4 80. Qf2+ Rg3 81. g7 Rg5 82. Qh2+ Kg4 83. g8=Q Rxg8 84. Kxg8 Kf4+ 85. Kf7 Kg4 86. Ke6 Kf4 87. Kd5 Kg4 88. Qd2 Kh5 89. Ke5 Rg5+ 90. Kf6 Rg4 91. Qh2+ Rh4 92. Qe2+ Kh6 93. Qe3+ Kh5 94. Qg5# 1-0


[Site "https://www.chess.com"]

[Event "Titled Tuesday Blitz August 15 Early 2023"]
[White "Hoffmann, Asa"]
[Black "Novikova, Margarita"]
[WhiteFideId "2001470"]
[BlackFideId "14109689"]
[WhiteElo "2397"]
[BlackElo "2132"]
[Result "1-0"]
[Round "5"]
[TimeControl "180+1"]
[Date "2023.08.15"]
[WhiteClock "0:00:52"]
[BlackClock "0:00:27"]
[Board "185"]

1. d4 g6 2. e4 Bg7 3. Be3 d6 4. Qd2 h6 5. Nc3 c6 6. O-O-O Nd7 7. f4 b5 8. Nf3 a5 9. Kb1 Nb6 10. Ka1 b4 11. Nb1 Qc7 12. Bd3 c5 13. Bb5+ Bd7 14. Bxd7+ Nxd7 15. h4 a4 16. h5 Ngf6 17. e5 Ng4 18. hxg6 Nxe3 19. gxf7+ Kf8 20. Qxe3 cxd4 21. Nxd4 Nc5 22. exd6 Qxd6 23. f5 a3 24. c3 axb2+ 25. Kxb2 Na4+ 26. Kc2 Bxd4 27. Rxd4 Qc6 28. Re1 Nxc3 29. Qxe7+ Kg7 30. Rg4+ Kh7 31. f8=N# 1-0


[Site "https://www.chess.com"]

[Event "Titled Tuesday Blitz August 15 Early 2023"]
[White "Ghosh, Chanchal Kumer"]
[Black "Fernandez Garcia, Gumersindo"]
[WhiteFideId "10201858"]
[BlackFideId "24516740"]
[WhiteElo "2130"]
[BlackElo "2393"]
[Result "0-1"]
[Round "5"]
[TimeControl "180+1"]
[Date "2023.08.15"]
[WhiteClock "0:00:00"]
[BlackClock "0:00:06"]
[Board "186"]

1. e4 e5 2. Nf3 Nc6 3. Bc4 Nf6 4. Ng5 d5 5. exd5 b5 6. Bf1 Qxd5 7. Nc3 Qd7 8. Bxb5 Be7 9. Qf3 Bb7 10. Nce4 O-O 11. Nxf6+ Bxf6 12. Ne4 Be7 13. c3 f5 14. Ng3 a6 15. Ba4 Kh8 16. O-O e4 17. Qe2 Qe6 18. Nh5 Bd6 19. d3 Ne5 20. Nf4 Qh6 21. dxe4 Ng4 22. h3 Bxf4 23. Bxf4 Qxf4 24. hxg4 Bxe4 25. gxf5 Rxf5 26. Bc2 Bxc2 27. Qxc2 Rh5 28. f3 Qh2+ 29. Kf2 Qh4+ 30. Kg1 Re8 31. Rad1 Qh2+ 32. Kf2 Rg5 33. Rg1 Qg3+ 34. Kf1 Rge5 35. Qd2 h6 36. Qf2 Qf4 0-1


[Site "https://www.chess.com"]

[Event "Titled Tuesday Blitz August 15 Early 2023"]
[White "Sava, Christiansen-Danut-Eugen"]
[Black "Jakubowska, Anna"]
[WhiteFideId "1210114"]
[BlackFideId "1121952"]
[WhiteElo "2122"]
[BlackElo "2383"]
[Result "1-0"]
[Round "5"]
[TimeControl "180+1"]
[Date "2023.08.15"]
[WhiteClock "0:00:08"]
[BlackClock "0:00:00"]
[Board "187"]

1. d4 f5 2. c4 Nf6 3. Nc3 e6 4. g3 Bb4 5. Bg2 O-O 6. Nh3 d6 7. O-O Bxc3 8. bxc3 Qe7 9. Nf4 c6 10. Ba3 g5 11. Nd3 Na6 12. f4 g4 13. Nf2 Qf7 14. Bxd6 Rd8 15. Ba3 c5 16. e4 Rb8 17. e5 Ne8 18. d5 b6 19. d6 Bb7 20. Bxb7 Qxb7 21. Qa4 Rbc8 22. Rad1 Nb8 23. Rd3 Rd7 24. Rb1 h5 25. Qd1 Ng7 26. h4 gxh3 27. Nxh3 Qa6 28. Qb3 Qb7 29. Re3 Kh8 30. Rb2 Rg8 31. Ng5 Qc8 32. Rh2 Qe8 33. Qd1 Qg6 34. Kf1 Nc6 35. Bc1 Na5 36. Qe2 Rgd8 37. Kf2 Kg8 38. Bd2 b5 39. cxb5 c4 40. a4 Nb7 41. Rf3 Nc5 42. a5 Nd3+ 43. Rxd3 cxd3 44. Qxd3 h4 45. Rxh4 Nh5 46. Qf3 Ng7 47. c4 Rc8 48. Qe2 Rb7 49. Nh7 Kf7 50. Nf6 Rd8 51. c5 Rdb8 52. b6 1-0


[Site "https://www.chess.com"]

[Event "Titled Tuesday Blitz August 15 Early 2023"]
[White "Rietze, Clemens, Dr."]
[Black "Daurelle, Herve"]
[WhiteFideId "24620351"]
[BlackFideId "602655"]
[WhiteElo "2374"]
[BlackElo "2115"]
[Result "1-0"]
[Round "5"]
[TimeControl "180+1"]
[Date "2023.08.15"]
[WhiteClock "0:01:42"]
[BlackClock "0:00:00"]
[Board "188"]

1. d4 Nf6 2. c4 e6 3. Nf3 d5 4. Nc3 c5 5. cxd5 Nxd5 6. e3 Nxc3 7. bxc3 g6 8. h4 h5 9. Bd3 Bg7 10. O-O cxd4 11. cxd4 Nc6 12. Ba3 Qa5 13. Bd6 Bd7 14. Qb3 Qb6 15. Qc3 Qa5 16. Qb2 Qb6 17. Qxb6 axb6 18. Rfb1 b5 19. Rxb5 Nxd4 20. exd4 Bxb5 21. Bxb5+ Kd8 22. Ne5 Bxe5 23. dxe5 Rc8 24. a4 Rc2 25. Ra3 Kc8 26. Rf3 Rh7 27. Be8 Rc1+ 28. Kh2 Rc4 29. Kh3 Kd8 30. Bb5 Rd4 31. Ra3 f6 32. a5 Rxd6 33. exd6 g5 34. hxg5 fxg5 35. a6 bxa6 36. Rxa6 1-0


[Site "https://www.chess.com"]

[Event "Titled Tuesday Blitz August 15 Early 2023"]
[White "Larina, Maria"]
[Black "Nosacheva, Mariya"]
[WhiteFideId "24113182"]
[BlackFideId "34111422"]
[WhiteElo "2114"]
[BlackElo "2371"]
[Result "0-1"]
[Round "5"]
[TimeControl "180+1"]
[Date "2023.08.15"]
[WhiteClock "0:00:05"]
[BlackClock "0:00:17"]
[Board "189"]

1. e4 c5 2. Nc3 g6 3. g3 Bg7 4. Bg2 Nc6 5. d3 e6 6. Be3 Nd4 7. Nce2 Ne7 8. c3 Nxe2 9. Nxe2 d6 10. Qd2 Rb8 11. Bh6 O-O 12. h4 f6 13. Bxg7 Kxg7 14. h5 g5 15. h6+ Kh8 16. d4 Ng6 17. O-O-O c4 18. f4 b5 19. Rh5 b4 20. cxb4 a5 21. bxa5 Qd7 22. fxg5 fxg5 23. Rxg5 Ba6 24. Rf1 Rxf1+ 25. Bxf1 c3 26. Qxc3 Rc8 27. Rc5 dxc5 28. dxc5+ e5 29. b4 Qf7 30. Kb2 Qxf1 31. Nc1 Qf2+ 32. Ka1 Qd4 33. Qxd4 exd4 34. Kb2 d3 35. Kc3 Ne5 36. Kd2 Rd8 37. Nb3 Nf3+ 38. Ke3 d2 39. Nxd2 Nxd2 40. a4 Nc4+ 41. Kf4 Kg8 42. b5 Nxa5 43. bxa6 Kf7 44. c6 Ke6 45. a7 Nxc6 46. g4 Ra8 47. g5 Rxa7 48. g6 hxg6 49. Kg5 Ne5 50. h7 Rxh7 51. a5 Ra7 52. a6 Rxa6 0-1


[Site "https://www.chess.com"]

[Event "Titled Tuesday Blitz August 15 Early 2023"]
[White "Politov, Pavel Y."]
[Black "Topalov, Aleksandar"]
[WhiteFideId "24110515"]
[BlackFideId "925659"]
[WhiteElo "2102"]
[BlackElo "2366"]
[Result "0-1"]
[Round "5"]
[TimeControl "180+1"]
[Date "2023.08.15"]
[WhiteClock "0:00:00"]
[BlackClock "0:01:11"]
[Board "190"]

1. e4 e6 2. d4 d5 3. Nc3 Bb4 4. e5 Qd7 5. Qg4 Bf8 6. Bd3 b6 7. h4 h5 8. Qg3 Ba6 9. Bxa6 Nxa6 10. Nf3 Nb4 11. Kd1 c5 12. a3 Nc6 13. Be3 Nge7 14. Ke2 Nf5 15. Qf4 Be7 16. Rad1 cxd4 17. Nxd4 Ncxd4+ 18. Bxd4 Rc8 19. g3 Rc4 20. Rhe1 Bc5 21. Bxc5 Rxf4 22. gxf4 bxc5 23. Rh1 Qb7 24. b3 d4 25. Na4 Qe4+ 26. Kd2 Qxf4+ 27. Kd3 Qf3+ 28. Kc4 Qd5+ 29. Kd3 O-O 30. Nb2 Qxe5 31. Nc4 Qf4 32. Rde1 Nd6 0-1


[Site "https://www.chess.com"]

[Event "Titled Tuesday Blitz August 15 Early 2023"]
[White "Souza Neves, Andrey M."]
[Black "arturdailima"]
[WhiteFideId "2101815"]
[WhiteElo "2096"]
[BlackElo "2357"]
[Result "0-1"]
[Round "5"]
[TimeControl "180+1"]
[Date "2023.08.15"]
[WhiteClock "0:00:21"]
[BlackClock "0:01:21"]
[Board "191"]

1. d4 Nf6 2. c4 g6 3. Nc3 Bg7 4. e4 d6 5. Nf3 O-O 6. Be2 Bg4 7. Be3 e5 8. Qd2 Nc6 9. O-O-O Bxf3 10. Bxf3 Nxd4 11. Bxd4 exd4 12. Qxd4 Re8 13. Qd2 a6 14. Kb1 Nd7 15. Be2 Bxc3 16. Qxc3 Rxe4 17. Bf3 Rf4 18. Bxb7 Rb8 19. Bf3 Ne5 20. h4 Qf6 21. Rh3 Nxc4 22. Qxf6 Rxf6 23. b3 Ne5 24. Rc1 c5 25. Rc3 Rb4 26. h5 g5 27. h6 g4 28. Rg3 Kf8 29. Bd5 Rxf2 30. a3 Rd4 31. Bc4 Rd1+ 32. Rc1 Rdd2 33. b4 cxb4 34. axb4 Rb2+ 35. Ka1 Rxb4 36. Ra3 Rxc4 0-1


[Site "https://www.chess.com"]

[Event "Titled Tuesday Blitz August 15 Early 2023"]
[White "Winkels, Marcel"]
[Black "Amanov, Zhanibek"]
[WhiteFideId "1003887"]
[BlackFideId "13700189"]
[WhiteElo "2083"]
[BlackElo "2353"]
[Result "0-1"]
[Round "5"]
[TimeControl "180+1"]
[Date "2023.08.15"]
[WhiteClock "0:00:00"]
[BlackClock "0:00:10"]
[Board "192"]

1. e4 c6 2. d4 d5 3. exd5 cxd5 4. Bd3 Nc6 5. c3 Nf6 6. Bf4 g6 7. Nf3 Bg7 8. O-O O-O 9. Re1 Nh5 10. Bg5 h6 11. Bh4 Nf4 12. Bc2 Qb6 13. Qc1 g5 14. Bg3 Ng6 15. Nbd2 f5 16. b4 g4 17. Nh4 Nxh4 18. Bxh4 e5 19. Bb3 Be6 20. dxe5 Bxe5 21. Nf1 Kh7 22. Bg3 Bxg3 23. hxg3 Bg8 24. Qf4 d4 25. Re6 Bxe6 26. Bxe6 Ne7 27. Qxd4 Qxe6 28. Ne3 Rad8 29. Qf4 Nd5 30. Qc4 Qc6 31. Qb3 Nxe3 32. fxe3 Rd2 0-1


[Site "https://www.chess.com"]

[Event "Titled Tuesday Blitz August 15 Early 2023"]
[White "Polaczek, Richard"]
[Black "Kriti Mayur Patel"]
[WhiteFideId "200026"]
[BlackFideId "35061780"]
[WhiteElo "2346"]
[BlackElo "2071"]
[Result "1-0"]
[Round "5"]
[TimeControl "180+1"]
[Date "2023.08.15"]
[WhiteClock "0:00:24"]
[BlackClock "0:00:21"]
[Board "193"]

1. d4 d5 2. c4 e6 3. Nc3 Nf6 4. cxd5 exd5 5. Bg5 Be7 6. e3 O-O 7. Bd3 c6 8. Nge2 Nbd7 9. O-O Re8 10. Qc2 Nf8 11. f3 g6 12. Bh4 Ne6 13. Bf2 b5 14. Rad1 Bb7 15. e4 Rc8 16. e5 Nh5 17. Qd2 Bg5 18. Be3 c5 19. Bxg5 Qxg5 20. Bxb5 cxd4 21. Nxd4 Qxd2 22. Rxd2 Re7 23. Nxe6 Rxe6 24. f4 Rd8 25. g4 Ng7 26. Rfd1 Rb6 27. Ba4 Ne6 28. f5 Nc5 29. b3 Rb4 30. Rd4 a5 31. Rxb4 axb4 32. Nb5 Bc6 33. Rc1 Bxb5 34. Rxc5 Bxa4 35. bxa4 d4 36. Kf2 d3 37. Ke1 d2+ 38. Kd1 Rd4 39. a5 Rxg4 40. a6 Rg1+ 41. Kxd2 Rg2+ 42. Kd3 Rxa2 43. e6 fxe6 44. fxe6 Rxa6 45. Rc8+ Kg7 46. e7 Re6 47. e8=Q Rxe8 48. Rxe8 b3 49. Rb8 Kh6 50. Rxb3 Kh5 51. Ke2 g5 52. Kf2 h6 53. Kg3 g4 54. Rb5+ Kg6 55. Kxg4 Kf6 56. Kh5 Kg7 57. Rb6 Kh7 58. Rb7+ Kh8 59. Kg6 h5 60. h4 Kg8 61. Rb8# 1-0


[Site "https://www.chess.com"]